 Dungeon Crawl Stone Soup version 0.25-a0-460-g4f2eb97ec1 (webtiles) character file.

Game seed: 10502304413943851661, levelgen mode: deterministic

21 Jupotter the Shield-Bearer (level 3, 0/29 HPs)
             Began as a Formicid Fighter on Feb 3, 2020.
             Succumbed to an adder's poison
             ... on level 2 of the Dungeon.
             The game lasted 00:02:07 (792 turns).

Jupotter the Shield-Bearer (Formicid Fighter)        Turns: 792, Time: 00:02:08

Health: 0/29       AC:  6    Str: 21    XL:     3   Next: 5%
Magic:  3/3        EV:  8    Int:  7    God:
Gold:   78         SH:  9    Dex: 10    Spells: 2/2 levels left

rFire    . . .     SeeInvis +   a - +0 war axe
rCold    . . .     Gourm    .   c - +0 shield
rNeg     . . .     Faith    .   b - +0 scale mail
rPois    .         Spirit   .   (helmet unavailable)
rElec    .         Reflect  .   (no cloak)
rCorr    .         Harm     .   (no gloves)
MR       .....                  (no boots)
Stlth    ..........             (no amulet)
HPRegen  0.09/turn              (no ring)
MPRegen  0.08/turn              (no ring)

@: lethally poisoned (0 -> -2)
A: permanent stasis, dig shafts and tunnels, four strong arms, antennae 3
a: Dig, Shaft Self


You were on level 2 of the Dungeon.
You were not hungry.

You visited 1 branch of the dungeon, and saw 2 of its levels.

You collected 78 gold pieces.

Inventory:

Hand Weapons
 a - a +0 war axe (weapon)
Armour
 b - a +0 scale mail (worn)
 c - a +0 shield (worn)
Scrolls
 e - a scroll of teleportation {unknown}
Potions
 d - a potion of might
Comestibles
 f - 2 rations
 g - a chunk of flesh


   Skills:
 + Level 3.6 Fighting
 + Level 2.3 Axes
 + Level 3.6 Armour
 + Level 4.0 Shields


You had 2 spell levels left.
You didn't know any spells.
Your spell library was empty.

Dungeon Overview and Level Annotations

Branches:
Dungeon (2/15)

Altars:


Innate Abilities, Weirdness & Mutations

You cannot be hasted, slowed, berserked, paralysed or teleported.
You can dig through walls and to a lower floor.
Your four strong arms can wield two-handed weapons with a shield.
You have a pair of large antennae on your head. (SInv)


Message History

* * * LOW HITPOINT WARNING * * *
You block the adder's attack.
You closely miss the adder.
The adder is severely wounded.
* * * LOW HITPOINT WARNING * * *
You feel sick. You block the adder's attack.
The adder bites you but does no damage.
Okay, then.
You closely miss the adder.
The adder is severely wounded.
The adder bites you but does no damage. The adder bites you.
* * * LOW HITPOINT WARNING * * *
You hit the adder.
You kill the adder!
Your Shields skill increases to level 4!
You have reached level 3!
Your experience leads to an increase in your attributes!
Increase (S)trength, (I)ntelligence, or (D)exterity?
You feel stronger.
You die...

##### #<..#
######.#######
#.####.......#
########..........#.#
................>.#.#
......$........#....# ##
##.....#####.#....# #.
#...@.# #.#.##.###.
#.....# #.#[##...#.
.......#... #.#.####.#.
####...#.##.##.#........
#...#.. ##....##..#.
#####...{ ##.###.###
#... #.....# ....
#.###.# #.#


There were no monsters in sight!

Vanquished Creatures
  An adder (D:2)
  3 bats (D:1)
  A giant cockroach (D:2)
  A goblin (D:1)
  2 hobgoblins (D:1)
  A kobold (D:1)
  A frilled lizard (D:1)
  2 rats (D:1)
12 creatures vanquished.

Notes
Turn   | Place    | Note
-------+----------+-------------------------------------------
     0 | D:1      | Jupotter the Formicid Fighter began the quest for the Orb.
     0 | D:1      | Reached XP level 1. HP: 18/18 MP: 1/1
   155 | D:1      | Reached XP level 2. HP: 23/24 MP: 2/2
   790 | D:2      | HP: 1/24 [adder (2)]
   791 | D:2      | Reached skill level 4 in Shields
   791 | D:2      | Reached XP level 3. HP: 1/29 MP: 3/3
   792 | D:2      | Succumbed to an adder's poison

Levels and vault maps discovered:
D:1:      ncdulo_watergridlock, layout_basic, chequers_serial_rivers_small_3
D:2:      layout_basic

Skill      XL: |  1  2 |
---------------+-------+-----
Shields        | 4 |  4.0
Fighting       | |  3.6
Axes           | |  2.3
Armour         | |  3.6

Action                   || total
-------------------------++-------
Melee: War axe           ||    50
Armor: Scale mail        ||    22
Dodge: Dodged            ||    27
Block: Shield            ||    33

Table legend:
 A = Non-vault XP
 B = Vault XP
 C = Vault XP percentage of total XP
 D = Non-vault monster count
 E = Vault monster count
 F = Vault count percentage of total count
                 A         B        C        D         E       F
            +---------+---------+-------+---------+---------+-------
      Total |      31 |       0 |   0.0 |      12 |       0 |   0.0
            +---------+---------+-------+---------+---------+-------
        D:1 |      16 |       0 |   0.0 |      10 |       0 |   0.0
        D:2 |      15 |       0 |   0.0 |       2 |       0 |   0.0
            +---------+---------+-------+---------+---------+-------
